cohdb
Replays
Latest Replays
All Replays
Popular Replays
Top Player Replays
Match Explorer
How It Works
Community
CoH3 Stats
Reddit
Sign in to upload your games and track your stats! →
Sign in with Steam
Match 42223541
Unlisted
Match 42223541
Overview
Messages
Build Orders
End
Kradschützen Motorcycle Team
Panzerpioneer Squad
Selects Armored Support Battlegroup
Selects Armored Support Battlegroup
Panzergrenadier Squad
Panzergrenadier Squad
Panzergrenadier Squad
Construct Light Support Kompanie
Selects Salvage Kits
Fire Support Elements
Selects Veteran Gunners
MG34 Team
Flakvierling Half-track
Selects Panzer Storm
BIOHAZARD
zichen.gao2015
0
0
Comments
sign in to comment!
No comments posted yet!